 Dungeon Sprint DCSS version 0.20.0-1-g1cb1d84 (webtiles) character file.

99 uglyjohn the Carver (level 5, -9/41 HPs)
             Began as a Formicid Fighter on May 26, 2017.
             Was an Initiate of Okawaru.
             Mangled by a two-headed ogre
             ... wielding a +0 giant club
              (25 damage)
             ... in the Dungeon (Sprint IX: "|||||||||||||||||||||||||||||").
             The game lasted 00:01:16 (271 turns).

uglyjohn the Carver (Formicid Fighter)               Turns: 271, Time: 00:01:17

Health: -9/41      AC: 12    Str: 21    XL:     5   Next: 2%
Magic:  5/5        EV:  7    Int:  8    God:    Okawaru [......]
Gold:   0          SH:  9    Dex: 13    Spells: 4/4 levels left

rFire    . . .     SeeInvis +   p - +2 scimitar (holy)
rCold    . . .     Gourm    .   c - +0 shield
rNeg     . . .     Faith    .   s - +1 chain mail
rPois    .         Spirit   .   (helmet unavailable)
rElec    .         Reflect  .   q - +0 cloak
rCorr    .         Harm     .   r - +0 pair of gloves
MR       .....                  (no boots)
Stlth    ..........             (no amulet)
Regen    0.2/turn               t - +2 ring of evasion
MPRegen  0.1/turn               u - +3 ring of dexterity

@: very slightly contaminated, invisible
A: permanent stasis, dig shafts and tunnels, four strong arms, antennae 3
a: Dig, Renounce Religion


You were in the Dungeon.
You worshipped Okawaru.
Okawaru was noncommittal.
You were not hungry.

You visited 1 branch

Inventory:

Hand Weapons
 a - a +0 long sword
 p - a +2 scimitar of holy wrath (weapon)
Armour
 b - a +0 scale mail
 c - a +0 shield (worn)
 q - a +0 cloak (worn)
 r - a +0 pair of gloves (worn)
 s - a +1 chain mail (worn)
Jewellery
 t - a +2 ring of evasion (left hand)
 u - a +3 ring of dexterity (right hand)
Wands
 o - a wand of acid (7/15)
Scrolls
 k - 2 scrolls of blinking
 m - 3 scrolls of remove curse
 n - 2 scrolls of amnesia
Potions
 e - 5 potions of curing
 g - 3 potions of heal wounds
 h - a potion of haste
 i - 4 potions of magic
 j - a potion of berserk rage
Comestibles
 f - a bread ration
 l - a chunk of flesh


   Skills:
 - Level 3.2 Fighting
 + Level 9.1 Long Blades
 - Level 3.2 Armour
 - Level 3.6 Shields


You had 4 spell levels left.
You didn't know any spells.

Dungeon Overview and Level Annotations

Branches:
Dungeon (1/1)

Altars:
Cheibriados
Dithmenos
Elyvilon
Fedhas
Gozag
Hepliaklqana
Kikubaaqudgha
Makhleb
Nemelex Xobeh
Okawaru
Qazlal
Ru
Sif Muna
Trog
Uskayaw
Vehumet
Xom
Yredelemnul
Zin
The Shining One
Beogh
Jiyva
Lugonu


Innate Abilities, Weirdness & Mutations

You cannot be hasted, slowed, berserked, paralysed or teleported.
You can dig through walls and to a lower floor.
Your four strong arms can wield two-handed weapons with a shield.
You have a pair of large antennae on your head. (SInv)


Message History

You slash the two-headed ogre!
The two-headed ogre is lightly wounded.
You slash the two-headed ogre!
The two-headed ogre is moderately wounded.
You block the two-headed ogre's attack. The two-headed ogre barely misses you.
You hit the two-headed ogre.
The two-headed ogre is moderately wounded.
The two-headed ogre barely misses you. x2
You fade into invisibility!
The two-headed ogre hits you with a giant club.
You block the two-headed ogre's attack.
You are very lightly contaminated with residual magic.
You completely miss the two-headed ogre.
The two-headed ogre is moderately wounded.
You completely miss the two-headed ogre.
The two-headed ogre is moderately wounded.
The two-headed ogre hits you with a giant club.
The two-headed ogre hits you with a giant club!!
Ouch! That really hurt!
You die...

{
▓.▓
{
▓.▓
{
▓|▓
{
▓)▓
{
▓.▓
{
▓.▓
{
▓.▓
{ {
▓.▓
▓@▓
▓O▓
▓O▓
▓J▓
▓S▓
▓W▓
▓Z▓
▓.▓


You could see a two-headed ogre, a wraith, an ogre, a jelly, an adder and an
adder skeleton.

Vanquished Creatures
  An ogre (D)
  A shadow imp (D)
  2 dart slugs (D)
  A quokka (D)
  2 bats (D)
  A frilled lizard (D)
  A giant cockroach zombie (D)
  A jackal zombie (D)
10 creatures vanquished.

Notes
Turn   | Place    | Note
-------+----------+-------------------------------------------
     0 | D        | uglyjohn the Formicid Fighter began the quest for the Orb.
     0 | D        | Reached XP level 1. HP: 18/18 MP: 1/1
     6 | D        | Reached skill level 3 in Long Blades
     9 | D        | Reached skill level 4 in Long Blades
    10 | D        | Reached XP level 2. HP: 24/24 MP: 2/2
    34 | D        | Noticed an ogre
    44 | D        | Reached skill level 5 in Long Blades
    61 | D        | Killed an ogre
    61 | D        | Reached skill level 9 in Long Blades
    61 | D        | Reached XP level 3. HP: 18/29 MP: 3/3
    61 | D        | Reached XP level 4. HP: 22/35 MP: 4/4
    61 | D        | Reached XP level 5. HP: 26/41 MP: 5/5
   177 | D        | Found a roughly hewn altar of Beogh.
   177 | D        | Found a snail-covered altar of Cheibriados.
   177 | D        | Found a shadowy altar of Dithmenos.
   177 | D        | Found a white marble altar of Elyvilon.
   177 | D        | Found a blossoming altar of Fedhas.
   177 | D        | Found an opulent altar of Gozag.
   178 | D        | Found a hazy altar of Hepliaklqana.
   179 | D        | Found a viscous altar of Jiyva.
   180 | D        | Found an ancient bone altar of Kikubaaqudgha.
   181 | D        | Found a corrupted altar of Lugonu.
   182 | D        | Found a burning altar of Makhleb.
   183 | D        | Found a sparkling altar of Nemelex Xobeh.
   190 | D        | Found an iron altar of Okawaru.
   191 | D        | Found a stormy altar of Qazlal.
   192 | D        | Found a sacrificial altar of Ru.
   193 | D        | Found a deep blue altar of Sif Muna.
   194 | D        | Found a bloodstained altar of Trog.
   195 | D        | Found a hide-covered altar of Uskayaw.
   196 | D        | Found a radiant altar of Vehumet.
   198 | D        | Became a worshipper of Warmaster Okawaru
   199 | D        | Found a shimmering altar of Xom.
   200 | D        | Found a basalt altar of Yredelemnul.
   201 | D        | Found a glowing silver altar of Zin.
   202 | D        | Found a glowing golden altar of the Shining One.
   259 | D        | Noticed an ogre
   259 | D        | Noticed a two-headed ogre
   259 | D        | Noticed a wraith
   271 | D        | Mangled by a two-headed ogre

Skill      XL: |  1  2 |
---------------+-------+-----
Long Blades    | 4 9 |  9.1
Fighting       | |  3.2
Armour         | |  3.2
Shields        | |  3.6

Action                   |  1- 3 |  4- 6 || total
-------------------------+-------+-------++-------
Melee: Long sword        |    39 |       ||    39
       Scimitar          |       |    11 ||    11
  Use: Potion            |     1 |     1 ||     2
Armor: Scale mail        |    11 |       ||    11
Dodge: Dodged            |    13 |     5 ||    18
Block: Shield            |    16 |     3 ||    19
       Rpst.: Long sword |     1 |       ||     1
